 Dungeon Crawl Stone Soup version 0.23-a0-49-gd9f7a49 (webtiles) character file.

79 topirishpotato the Slasher (level 4, 0/35 HPs)
             Began as a Human Monk on Aug 7, 2018.
             Slain by an orc
             ... wielding a +0 falchion of electrocution
              (19 damage)
             ... on level 3 of the Dungeon.
             The game lasted 00:04:18 (2240 turns).

topirishpotato the Slasher (Human Monk)             Turns: 2240, Time: 00:04:19

Health: 0/35       AC:  8    Str: 12    XL:     4   Next: 62%
Magic:  4/4        EV: 10    Int: 11    God:
Gold:   91         SH:  0    Dex: 15    Spells: 3/3 levels left

rFire    x . .     SeeInvis .   a - +0 falchion
rCold    + . .     Gourm    .   (no shield)
rNeg     . . .     Faith    .   k - +0 scale mail
rPois    .         Spirit   .   p - +0 helmet
rElec    .         Reflect  .   (no cloak)
rCorr    .         Harm     .   (no gloves)
MR       +....                  i - +0 pair of boots
Stlth    +.........             (no amulet)
HPRegen  0.11/turn              b - ring of protection from magic
MPRegen  0.09/turn              w - ring of ice

@: no status effects
A: no striking features
a: no special abilities


You were on level 3 of the Dungeon.
You were not hungry.

You visited 1 branch of the dungeon, and saw 3 of its levels.

You collected 91 gold pieces.

Inventory:

Hand Weapons
 a - a +0 falchion (weapon)
Armour
 i - a +0 pair of boots (worn)
 k - a +0 scale mail (worn)
 p - a +0 helmet (worn)
Jewellery
 b - a ring of protection from magic (left hand)
 w - a ring of ice (right hand)
Wands
 u - a wand of random effects (33)
Scrolls
 d - a scroll of random uselessness {unknown}
 g - 3 scrolls of identify {unknown}
 j - a scroll of noise {unknown}
 l - a scroll of teleportation {unknown}
 m - a scroll of fear {unknown}
 o - a scroll of remove curse {unknown}
 q - 2 scrolls of amnesia {unknown}
 t - a scroll of enchant weapon {unknown}
Potions
 e - a potion of resistance {unknown}
 f - a potion of ambrosia {unknown}
 h - 3 potions of flight {unknown}
 n - 2 potions of mutation {unknown}
 r - a potion of haste {unknown}
 s - 2 potions of curing {unknown}
 v - a potion of might {unknown}
Comestibles
 c - 6 rations


   Skills:
 + Level 3.5 Fighting
 + Level 3.8 Long Blades
 * Level 1.5 Armour
 + Level 3.5 Dodging
 - Level 2.0 Stealth


You had 3 spell levels left.
You didn't know any spells.
Your spell library was empty.

Dungeon Overview and Level Annotations

Branches:
Dungeon (3/15)

Altars:


Message History

The orc is moderately wounded.
The orc hits you but does no damage.
You are electrocuted!
You hit the orc.
The orc is heavily wounded.
The orc closely misses you.
You hit the orc but do no damage.
The orc is heavily wounded.
The orc hits you but does no damage.
You hit the orc but do no damage.
The orc is heavily wounded.
The orc misses you.
You hit the orc but do no damage.
The orc is heavily wounded.
The orc hits you but does no damage.
You hit the orc but do no damage.
The orc is heavily wounded.
The orc hits you with a falchion of electrocution.
You are electrocuted!
Ouch! That really hurt!
You die...

.##.....#
###########
.##.....# .####'###
.# #.# .# #.# .# #.#
.# #.# .#
#.##################
#......(....@o......
####################


You could see an orc.

Vanquished Creatures
  2 adders
  A worm (D:2)
  3 leopard geckos
  5 orcs (D:3)
  A ball python (D:1)
  A giant cockroach (D:3)
  6 goblins
  4 hobgoblins
  7 jackals (D:1)
  A quokka (D:2)
  6 bats
  5 frilled lizards
  3 kobolds
  4 rats
49 creatures vanquished.

Notes
Turn   | Place    | Note
-------+----------+-------------------------------------------
     0 | D:1      | topirishpotato the Human Monk began the quest for the Orb.
     0 | D:1      | Reached XP level 1. HP: 18/18 MP: 1/1
    68 | D:1      | Reached XP level 2. HP: 21/24 MP: 2/2
   198 | D:1      | Reached XP level 3. HP: 14/29 MP: 3/3
   534 | D:1      | Reached skill level 1 in Armour
  1528 | D:2      | Reached XP level 4. HP: 35/35 MP: 4/4
  2240 | D:3      | Slain by an orc

Vault maps used:
D:1:      minmay_arrival_hallway
D:3:      first_ration

Skill      XL: |  1  2  3 |
---------------+----------+-----
Armour         | 1 |  1.5
Fighting       | |  3.5
Long Blades    | |  3.8
Dodging        | |  3.5
Stealth        | |  2.0

Action                   |  1- 3 |  4- 6 || total
-------------------------+-------+-------++-------
Melee: Falchion          |    87 |    75 ||   162
 Stab: Sleeping          |     2 |       ||     2
  Eat: Chunk             |     2 |     2 ||     4
Armor: Robe              |    10 |       ||    10
       Ring mail         |     5 |       ||     5
       Scale mail        |     3 |    42 ||    45
       Leather armour    |     3 |       ||     3
Dodge: Dodged            |    77 |    52 ||   129
       Rpst.: Falchion   |    26 |    19 ||    45

Table legend:
 A = Spawn XP
 B = Non-spawn XP
 C = Spawn XP percentage of total XP
 D = Spawn monster count
 E = Non-spawn monster count
 F = Spawn count percentage of total count
 G = Total turns spent on level
                    A         B        C        D         E        F      G
               +---------+---------+-------+---------+---------+-------+---------
         Total |       0 |     113 |   0.0 |       0 |      49 |   0.0 |  2240
               +---------+---------+-------+---------+---------+-------+---------
           D:1 |       0 |      44 |   0.0 |       0 |      26 |   0.0 |   849
           D:2 |       0 |      28 |   0.0 |       0 |       9 |   0.0 |   747
           D:3 |       0 |      41 |   0.0 |       0 |      14 |   0.0 |   644
               +---------+---------+-------+---------+---------+-------+---------
